Unix NetHack Version 5.0.0-0 post-release - last build May 17 2026 04:57:42 (dc50c8380fa5e20985bfe3072449f57b8d9895ef,branch:main).

Game began 2026-05-18 02:26:31, ended 2026-05-18 02:35:14.

ArrBianca, lawful female dwarven Archeologist

                                                ----                   -------
                                                |..-------             |..|..|
                                               --....--..--            |.....|
 -----                         ---             |..........----        ---....|
 |...-----                    -...             |........--...--      --....|.|
 |.......|                   -...-             |........|--...|      |.....|.|
 |^......|                 --....           ----........---...|      --.---|.|
 --......|                --...           ---.|...--..........---  ----.|  |.|
  --G..^.|      ----     --...           --.......|--.......|...|  |....|  |.|
   |.....--  ----..---  --...-------     |........------.|.---..|  |.----  |.--
   --.....----.^.....-- |....--.|..----- --........|   ----- |..-- |.|     |>.|
    |.................---.|.........--.----.......--         ---.---.|     |..|
    --....................|.............|...|.|...--           |.....|     ----
     --.........q...e...................<..---|....|     --------...--
      |........@q..........................----....-------.........--
      |-............%................................).....---------
      |.............*..........|........)..---......---...--
      --........--------.--.-----...........--.....-- ---...
      |.......---      ------  |................----    ---....
      -----.---                --.--..|.------.--          --.-
          ---                   ---------    ---             --
ArrBianca the Field Worker  St:8 Dx:11 Co:16 In:13 Wi:14 Ch:10  Lawful
Dlvl:5  $:6  HP:0(34) Pw:11(11) AC:4  Xp:3 T:1363  Burdened

Latest messages:
 You put a jacinth stone into the sack.
 You find an anti-magic field.
 You find a bear trap.
 Really step into that bear trap? [yn] (n) y
 A bear trap closes on your foot!
 You are caught in a bear trap.
 You are caught in a bear trap.
 You are caught in a bear trap.
 You are caught in a bear trap.
 You finally wriggle free.
 The homunculus misses!
 Your leg feels better.
 The homunculus misses!
 You miss the homunculus.
 The homunculus bites!
 You avoid harm.
 You lash the homunculus.
 The homunculus bites!
 You lash the homunculus.
 The homunculus bites!
 The homunculus just misses!
 You lash the homunculus.
 The homunculus bites!
 You kill the homunculus!
 What do you want to ready? [$ or ?*] ?
 What do you want to ready? [$ or ?*] *
 A - 8 rocks (in quiver pouch).
 The rothe hits!
 The rothe bites!
 The rothe bites again!
 You lash the rothe.
 The rothe misses!
 The rothe bites!
 The rothe just misses!
 The rothe hits!
 The rothe misses!
 The rothe misses!
 You miss the rothe.
 The rothe hits!
 The rothe bites!
 The rothe misses!
 You miss the rothe.
 The rothe hits!
 The rothe bites!
 The rothe bites again!
 The rothe hits!
 The rothe bites!
 The rothe bites again!
 You die...
 Do you want an account of creatures vanquished? [ynaq] (y) q

Inventory:
 Coins    ('$')
  $ - 6 gold pieces
 Weapons  (')')
  a - a blessed +2 bullwhip (weapon in right hand)
 Armor    ('[')
  c - an uncursed +0 fedora (being worn)
  t - an uncursed +0 dwarvish mithril-coat (being worn)
  b - an uncursed +0 leather jacket
 Comestibles  ('%')
  d - 4 uncursed food rations
  l - an uncursed lembas wafer
  k - an uncursed tripe ration
  m - an uncursed lichen corpse
 Scrolls  ('?')
  x - an uncursed scroll of taming
  p - an uncursed scroll of teleportation
 Potions  ('!')
  r - a blessed potion of oil
 Tools    ('(')
  h - an uncursed sack containing 1 item
  n - an uncursed blindfold
  i - a magic marker (0:20)
  e - a +0 pick-axe (alternate weapon; not wielded)
  f - a tinning kit (0:94)
  B - a tinning kit (0:64)
 Gems/Stones  ('*')
  g - an uncursed touchstone
  A - 8 uncursed rocks (in quiver pouch)

Contents of the sack:
  an uncursed jacinth stone

ArrBianca the Archeologist's attributes:

Background:
 You were a Field Worker, a level 3 female dwarven Archeologist.
 You were lawful, nominally on a mission for Quetzalcoatl
 who was opposed by Camaxtli (neutral) and Huhetotl (chaotic).
 You were right-handed.
 You were in the Gnomish Mines, on level 5.
 You entered the dungeon 1363 turns ago.
 It was nighttime.
 There was a new moon in effect when your adventure ended.
 You had 53 experience points, 27 more were needed to attain level 4.

Basics:
 You had 0 out of 34 hit points.
 You had all 11 energy points (spell power).
 Your armor class was 4.
 Your wallet contained 6 zorkmids.
 Autopickup was on for '$?!/="+%' plus thrown, with exceptions.

Final Characteristics:
 Your strength was 8 (peak:12, limit:18/100).
 Your dexterity was 11 (limit:20).
 Your constitution was 16 (limit:20).
 Your intelligence was 13 (limit:16).
 Your wisdom was 14 (limit:16).
 Your charisma was 10 (limit:16).

Final Status:
 You weren't hungry.
 You were burdened; movement was slightly slowed.
 You were wielding a whip.
 You had basic skill with whip.

Final Attributes:
 You were devoutly aligned.
 You had automatic searching.
 You had infravision.
 You were guarded.
 You were lucky.
 You are dead.

Miscellaneous:
 You didn't encounter any bones levels.
 Total elapsed playing time was 8 minutes and 43 seconds.

Major events:
 Turn
    1: ArrBianca the lawful female dwarven Archeologist entered the dungeon
  425: entered the Gnomish Mines
 1276: attained the rank of Field Worker (level 3)
 1363: killed by a rothe

You didn't know any spells.

Skills:
 Fighting Skills
   bare handed combat [Unskilled]
   two weapon combat  [Unskilled]
   riding             [Unskilled]
 Weapon Skills
   dagger             [Unskilled]
   knife              [Unskilled]
   pick-axe           [Basic]
   short sword        [Unskilled]
   saber              [Unskilled]
   club               [Unskilled]
   quarterstaff       [Unskilled]
   sling              [Unskilled]
   dart               [Unskilled]
   boomerang          [Unskilled]
   whip               [Basic]
   unicorn horn       [Unskilled]
 Spellcasting Skills
   attack spells      [Unskilled]
   healing spells     [Unskilled]
   divination spells  [Unskilled]
   matter spells      [Unskilled]

Voluntary challenges:
 Character rerolling was not enabled.
 You were an atheist.
 You never genocided any monsters.
 You never polymorphed an object.
 You never changed form.
 You used no wishes.
Achievements:
 You entered a shop.
 You entered the Gnomish Mines.
 You attained the rank of Field Worker.

 The Dungeons of Doom: levels 1 to 2
    Level 1:
    Level 2:
       A general store.
       Stairs down to The Gnomish Mines.
 The Gnomish Mines: levels 3 to 5
    Level 3:
    Level 4:
    Level 5: <- You were here.
       Final resting place for
          you, killed by a rothe.


Vanquished creatures:
  a homunculus
  a giant bat
  a coyote
  2 manes
  a giant rat
  3 gnomes
  a gecko
  2 jackals
  a kobold
  a goblin
  4 grid bugs
  a lichen
  3 newts
22 creatures vanquished.

No species were genocided or became extinct.

Game over:
                       ----------
                      /          \
                     /    REST    \
                    /      IN      \
                   /     PEACE      \
                  /                  \
                  |    ArrBianca     |
                  |       6 Au       |
                  |   killed by a    |
                  |      rothe       |
                  |                  |
                  |                  |
                  |       2026       |
                 *|     *  *  *      | *
        _________)/\\_//(\/(/\)/\//\/|_)_______

Goodbye ArrBianca the Archeologist...

You died in The Gnomish Mines on dungeon level 5 with 418 points,
and 6 pieces of gold, after 1363 moves.
You were level 3 with a maximum of 34 hit points when you died.

